Devils vs Penguins
Created - June 29, 2022 at 07:12
Goals
|
| Devils |
1 |
2 |
0 |
3 |
| Penguins |
2 |
1 |
3 |
6 |
|
Shots
|
| Devils |
10 |
11 |
12 |
33 |
| Penguins |
12 |
9 |
12 |
33 |
|
1st period
1. Penguins , William Nylander 44 (Cedric Paquette 63) at 8:49 (PP)
2. Penguins , William Nylander 45 (Cedric Paquette 64) at 13:10
3. Devils , Joonas Donskoi 20 (Brandon Carlo 43, Valeri Nichushkin 19) at 14:29
Penalties :
Christian Wolanin (Bin) for Hooking (Minor) at 8:41, Ben Hutton (Bin) for Interference (Minor) at 9:08, Frederick Gaudreau (Wil) for Hooking (Minor) at 16:50
2nd period
4. Devils , Alan Quine 38 (Valeri Nichushkin 20, Joonas Donskoi 48) at 4:54
5. Penguins , Denis Malgin 5 (Max Gortz 8, Curtis Hamilton 10) at 8:01
6. Devils , Valeri Nichushkin 25 (Joonas Donskoi 49, Alan Quine 31) at 19:53
Penalties :
Iven Barbashev (Wil) for Holding (Minor) at 8:23, Iven Barbashev (Wil) for Hooking (Minor) at 14:20
3rd period
7. Penguins , Cedric Paquette 26 (Iven Barbashev 25) at 5:46
8. Penguins , Cedric Paquette 27 (William Nylander 55, Danny Biega 21) at 11:57 (SH)
9. Penguins , Anthony Beauvillier 21 (Frederick Gaudreau 46, Kyle Connor 27) at 17:30 (PP)
Penalties :
Sam Kurker (Wil) for Slashing (Minor) at 11:45, Robbie Russo (Bin) for Hooking (Minor) at 15:53, Ben Hutton (Bin) for Hooking (Minor) at 17:52
Goalie Stats
Juuse Saros (Bin), 27 saves from 33 shots - (0.818), L, 5-13-2, 60:00 minutes
Connor Hellebyuk (Wil), 30 saves from 33 shots - (0.909), W, 29-29-3, 60:00 minutes
Players Stats for Devils
Player Name G A P +/- PIM S H SB GA TA FO MP PP MP PK MP
------------------------------------------------------------------------------------
Alan Quine 1 1 2 1 0 4 2 0 1 0 3/7 18:28 3:27 2:10
Ben Hutton 0 0 0 1 4 1 2 1 0 0 0/0 23:20 5:00 0:44
Brandon Carlo 0 1 1 1 0 0 1 2 1 0 0/0 24:58 5:00 2:49
Brett Howden 0 0 0 0 0 0 0 0 0 0 2/6 7:05 0:00 0:00
Brett Seney 0 0 0 0 0 1 0 0 0 0 0/0 12:35 0:00 1:10
Christian Wolanin 0 0 0 -2 2 0 0 0 0 1 0/0 10:55 0:00 0:31
Conor Garland 0 0 0 0 0 3 5 0 0 0 0/1 11:17 0:00 0:00
Dalton Thrower 0 0 0 -1 0 1 1 2 0 1 0/0 20:46 2:56 2:54
Darren Dietz 0 0 0 -1 0 0 0 0 2 3 0/0 19:44 2:56 2:29
Ilya Lyubushkin 0 0 0 -2 0 0 1 1 0 0 0/0 9:48 0:00 0:00
Jake Bean 0 0 0 1 0 0 0 0 0 1 0/0 4:28 0:00 0:00
Jonny Brodzinski 0 0 0 0 0 2 0 0 0 0 0/0 7:05 0:00 0:00
Joonas Donskoi 1 2 3 1 0 6 0 1 0 0 0/0 16:10 3:27 0:00
Logan Shaw 0 0 0 -2 0 4 2 0 0 1 1/3 19:08 4:29 0:00
Mason Marchment 0 0 0 0 0 1 0 0 0 0 0/0 7:05 0:00 0:00
Reid Boucher 0 0 0 0 0 1 0 0 0 1 1/2 11:48 0:00 0:02
Robbie Russo 0 0 0 1 2 0 0 1 1 1 0/0 6:34 0:00 1:59
Sam Bennett 0 0 0 -2 0 4 3 0 1 1 15/37 22:06 4:29 2:58
Sven Baertschi 0 0 0 -2 0 1 2 0 1 0 0/1 22:44 4:29 3:07
Valeri Nichushkin 1 2 3 1 0 4 2 0 0 0 0/1 18:09 3:27 1:59
Players Stats for Penguins
Player Name G A P +/- PIM S H SB GA TA FO MP PP MP PK MP
------------------------------------------------------------------------------------
Adam Brooks 0 0 0 0 0 0 1 0 0 0 2/5 10:20 0:00 0:00
Andrew O'Brien 0 0 0 1 0 2 3 0 0 0 0/0 27:26 2:49 3:57
Anthony Beauvillier 1 0 1 -1 0 3 1 0 1 1 1/1 16:02 3:11 0:00
Cedric Paquette 2 2 4 1 0 4 1 0 0 0 24/37 21:46 2:29 4:28
Christopher Tanev 0 0 0 1 0 2 3 2 2 2 0/0 27:26 2:49 3:57
Curtis Hamilton 0 1 1 0 0 1 0 0 0 0 1/1 11:44 0:07 1:17
Dakota Mermis 0 0 0 1 0 1 1 1 1 1 0/0 22:22 2:54 3:59
Danny Biega 0 1 1 1 0 0 2 1 0 1 0/0 22:22 2:54 3:59
Denis Malgin 1 0 1 1 0 3 0 1 0 0 3/3 9:57 0:03 1:38
Frederick Gaudreau 0 1 1 -1 2 2 1 1 0 1 3/8 17:23 3:11 1:17
Gavin Bayreuther 0 0 0 -1 0 1 0 3 0 0 0/0 10:12 0:00 0:00
German Rubtsov 0 0 0 0 0 0 0 0 0 0 0/0 0:00 0:00 0:00
Iven Barbashev 0 1 1 0 4 2 1 0 1 0 0/0 17:19 2:25 0:00
John Marino 0 0 0 -1 0 0 0 1 0 1 0/0 10:12 0:00 0:00
Juuso Ikonen 0 0 0 1 0 4 0 1 1 0 0/0 8:09 0:00 0:00
Kyle Connor 0 1 1 -1 0 3 0 0 0 0 0/1 18:45 3:11 2:38
Max Gortz 0 1 1 0 0 1 1 0 1 0 0/0 10:27 0:07 0:00
Sam Kurker 0 0 0 1 2 0 1 0 1 0 0/0 8:13 0:00 0:00
William Nylander 2 1 3 1 0 4 1 0 2 0 2/2 21:55 2:25 4:34
3 Stars
1 - Cedric Paquette (Wil)
2 - William Nylander (Wil)
3 - Valeri Nichushkin (Bin)
Power Play
Devils - 0 on 4 Attempt(s) - 0.00%
Penguins - 2 on 4 Attempt(s) - 50.00%
Penalty Kill
Devils - 2 on 4 Attempt(s) - 50.00%
- Score 0 goal in Penalty Kill
Penguins - 4 on 4 Attempt(s) - 100.00%
- Score 1 goal in Penalty Kill
Team Stat
Devils - Hits : 21 - Faceoff Wins : 22 - Blocked Shots : 8 - Penalty Minutes : 8
Penguins - Hits : 17 - Faceoff Wins : 36 - Blocked Shots : 11 - Penalty Minutes : 8
Official
Referees : Ghislain Hebert and Peter MacDougall
Linesman : Derek Amell and Kory Nagy
Game Notes
No Game Note
Finance
Level 1 -- Attendance: 1842 (92.10%) -- Ticket Income $64,470
Level 2 -- Attendance: 921 (92.10%) -- Ticket Income $13,815
Total Attendance: 2763 (92.10%)
Total Ticket Income: $78,285
Other Income: $3,914
Total Income: $82,199
Devils
5 vs 5 Forward
Center Left Wing Right Wing Time % Phy DF OF
1 Sam Bennett Sven Baertschi Logan Shaw 40 0 2 3
2 Alan Quine Valeri Nichushkin Joonas Donskoi 30 0 2 3
3 Reid Boucher Brett Seney Conor Garland 20 0 2 3
4 Brett Howden Mason Marchment Jonny Brodzinski 10 0 2 3
5 vs 5 Defense
Defense Defense Time % Phy DF OF
1 Brandon Carlo Ben Hutton 40 0 3 2
2 Darren Dietz Dalton Thrower 30 0 3 2
3 Ilya Lyubushkin Christian Wolanin 20 0 3 2
4 Robbie Russo Jake Bean 10 0 3 2
PowerPlay Forward
Center Left Wing Right Wing Time % Phy DF OF
1 Sam Bennett Sven Baertschi Logan Shaw 60 1 0 4
2 Alan Quine Valeri Nichushkin Joonas Donskoi 40 1 0 4
PowerPlay Defense
Defense Defense Time % Phy DF OF
1 Brandon Carlo Ben Hutton 60 0 2 3
2 Darren Dietz Dalton Thrower 40 0 2 3
Penalty Kill 4 Players Forward
Center Wing Time % Phy DF OF
1 Sam Bennett Sven Baertschi 60 1 3 1
2 Alan Quine Valeri Nichushkin 40 1 3 1
Penalty Kill 4 Players Defense
Defense Defense Time % Phy DF OF
1 Brandon Carlo Ben Hutton 60 1 4 0
2 Darren Dietz Dalton Thrower 40 1 4 0
Penalty Kill - 3 Players Forward
Forward Time % Phy DF OF
1 Sam Bennett 60 1 4 0
2 Alan Quine 40 1 4 0
Penalty Kill - 3 Players Defense
Defense Defense Time % Phy DF OF
1 Brandon Carlo Ben Hutton 60 1 4 0
2 Darren Dietz Dalton Thrower 40 1 4 0
4 vs 4 Forward
Center Wing Time % Phy DF OF
1 Sam Bennett Sven Baertschi 60 0 2 3
2 Alan Quine Valeri Nichushkin 40 0 2 3
4 vs 4 Defense
Defense Defense Time % Phy DF OF
1 Brandon Carlo Ben Hutton 60 0 3 2
2 Darren Dietz Dalton Thrower 40 0 3 2
Last Minutes Offensive
Center Left Wing Right Wing Defense Defense
Sam Bennett Sven Baertschi Logan Shaw Brandon Carlo Ben Hutton
Last Minutes Defensive
Center Left Wing Right Wing Defense Defense
Sam Bennett Sven Baertschi Logan Shaw Brandon Carlo Ben Hutton
Goaltenders
Starting : Juuse Saros
Backup : Calvin Pickard
Extra Forwards
Normal : Valeri Nichushkin, Alan Quine, Reid Boucher - PP : Valeri Nichushkin, Alan Quine - PK : Valeri Nichushkin
Extra Defensemen
Normal : Robbie Russo, Christian Wolanin, Jake Bean - PP : Robbie Russo - PK : Robbie Russo, Christian Wolanin
Penalty Shots
Logan Shaw, Sven Baertschi, Sam Bennett, Joonas Donskoi, Valeri Nichushkin
Scratches
Cristiano Digiacinto (Healthy), Vincent Desharnais (Healthy)
Penguins
5 vs 5 Forward
Center Left Wing Right Wing Time % Phy DF OF
1 Cedric Paquette William Nylander Iven Barbashev 40 1 2 2
2 Frederick Gaudreau Kyle Connor Anthony Beauvillier 30 1 2 2
3 Adam Brooks Curtis Hamilton Max Gortz 20 1 2 2
4 Denis Malgin Juuso Ikonen Sam Kurker 10 1 2 2
5 vs 5 Defense
Defense Defense Time % Phy DF OF
1 Christopher Tanev Andrew O'Brien 40 1 2 2
2 Dakota Mermis Danny Biega 30 1 2 2
3 Gavin Bayreuther John Marino 20 1 2 2
4 Christopher Tanev Andrew O'Brien 10 1 2 2
PowerPlay Forward
Center Left Wing Right Wing Time % Phy DF OF
1 Cedric Paquette William Nylander Iven Barbashev 60 1 2 2
2 Frederick Gaudreau Kyle Connor Anthony Beauvillier 40 1 2 2
PowerPlay Defense
Defense Defense Time % Phy DF OF
1 Christopher Tanev Andrew O'Brien 60 1 2 2
2 Dakota Mermis Danny Biega 40 1 2 2
Penalty Kill 4 Players Forward
Center Wing Time % Phy DF OF
1 Cedric Paquette William Nylander 60 1 2 2
2 Frederick Gaudreau Kyle Connor 40 1 2 2
Penalty Kill 4 Players Defense
Defense Defense Time % Phy DF OF
1 Christopher Tanev Andrew O'Brien 60 1 2 2
2 Dakota Mermis Danny Biega 40 1 2 2
Penalty Kill - 3 Players Forward
Forward Time % Phy DF OF
1 Cedric Paquette 60 1 2 2
2 Frederick Gaudreau 40 1 2 2
Penalty Kill - 3 Players Defense
Defense Defense Time % Phy DF OF
1 Christopher Tanev Andrew O'Brien 60 1 2 2
2 Dakota Mermis Danny Biega 40 1 2 2
4 vs 4 Forward
Center Wing Time % Phy DF OF
1 Cedric Paquette William Nylander 60 1 2 2
2 Frederick Gaudreau Kyle Connor 40 1 2 2
4 vs 4 Defense
Defense Defense Time % Phy DF OF
1 Christopher Tanev Andrew O'Brien 60 1 2 2
2 Dakota Mermis Danny Biega 40 1 2 2
Last Minutes Offensive
Center Left Wing Right Wing Defense Defense
Cedric Paquette William Nylander Iven Barbashev Christopher Tanev Andrew O'Brien
Last Minutes Defensive
Center Left Wing Right Wing Defense Defense
Cedric Paquette William Nylander Iven Barbashev Christopher Tanev Andrew O'Brien
Goaltenders
Starting : Connor Hellebyuk
Backup : Anthony Stolarz
Extra Forwards
Normal : Kyle Connor, Anthony Beauvillier, Max Gortz - PP : Kyle Connor, Anthony Beauvillier - PK : Kyle Connor
Extra Defensemen
Normal : Danny Biega, Gavin Bayreuther, John Marino - PP : Danny Biega - PK : Danny Biega, Gavin Bayreuther
Penalty Shots
William Nylander, Cedric Paquette, Frederick Gaudreau, Iven Barbashev, Kyle Connor
Scratches
Brett Pollock (Healthy), Josh Ho-Sang (Healthy), Josh Jooris (Healthy), Matthew Finn (Healthy), Raphael Bussieres (Healthy)
Steven Spinner (Healthy)
% Time on Ice - Devils
Lines # - Real PCT - Wanted PCT - Time Play
Normal Forward
1 - 33% - 40% - 15:16
2 - 27% - 30% - 12:43
3 - 24% - 20% - 11:17
4 - 15% - 10% - 7:05
Normal Defense
1 - 38% - 40% - 17:46
2 - 31% - 30% - 14:19
3 - 21% - 20% - 9:48
4 - 10% - 10% - 4:28
PP Forward
1 - 57% - 60% - 4:29
2 - 43% - 40% - 3:27
PP Defense
1 - 63% - 60% - 5:00
2 - 37% - 40% - 2:56
PK Forward
1 - 75% - 60% - 4:17
2 - 25% - 40% - 1:26
PK Defense
1 - 57% - 60% - 3:14
2 - 43% - 40% - 2:29
PK3 Forward
1 - 0% - 60%
2 - 0% - 40%
PK3 Defense
1 - 0% - 60%
2 - 0% - 40%
44 Forward
1 - 0% - 60%
2 - 0% - 40%
44 Defense
1 - 0% - 60%
2 - 0% - 40%
Last Minute Offensive - 0:00
Last Minute Defensive - 0:00
Total
Forward - 60:00
Defense - 60:00
|
% Time on Ice - Penguins
Lines # - Real PCT - Wanted PCT - Time Play
Normal Forward
1 - 32% - 40% - 14:56
2 - 28% - 30% - 12:56
3 - 22% - 20% - 10:20
4 - 18% - 10% - 8:09
Normal Defense
1 - 41% - 40% - 19:01
2 - 33% - 30% - 15:29
3 - 22% - 20% - 10:12
4 - 4% - 10% - 1:39
PP Forward
1 - 44% - 60% - 2:32
2 - 56% - 40% - 3:11
PP Defense
1 - 49% - 60% - 2:49
2 - 51% - 40% - 2:54
PK Forward
1 - 74% - 60% - 5:51
2 - 26% - 40% - 2:05
PK Defense
1 - 50% - 60% - 3:57
2 - 50% - 40% - 3:59
PK3 Forward
1 - 0% - 60%
2 - 0% - 40%
PK3 Defense
1 - 0% - 60%
2 - 0% - 40%
44 Forward
1 - 0% - 60%
2 - 0% - 40%
44 Defense
1 - 0% - 60%
2 - 0% - 40%
Last Minute Offensive - 0:00
Last Minute Defensive - 0:00
Total
Forward - 60:00
Defense - 60:00
|
Play-by-Play
1st period
0:01 of 1st period - Sam Bennett wins face-off versus Cedric Paquette in neutral zone.
0:26 of 1st period - Brandon Carlo is hit by Christopher Tanev and loses puck.
0:35 of 1st period - Snap shot by Anthony Beauvillier.
0:35 of 1st period - Shot Misses the Net.
0:50 of 1st period - Snap shot by Ben Hutton.
0:50 of 1st period - Shot Blocked by Danny Biega.
0:52 of 1st period - Slapshot by Brandon Carlo.
0:52 of 1st period - Deflect By Reid Boucher.
0:52 of 1st period - Stopped by Connor Hellebyuk with a rebound.
0:54 of 1st period - Backhand shot by Conor Garland.
0:54 of 1st period - Stopped by Connor Hellebyuk without a rebound.
0:55 of 1st period - Denis Malgin wins face-off versus Brett Howden in Penguins zone.
1:02 of 1st period - Wrist shot by Jonny Brodzinski.
1:02 of 1st period - Deflect By Mason Marchment.
1:02 of 1st period - Stopped by Connor Hellebyuk with a rebound.
1:20 of 1st period - Dalton Thrower is hit by Frederick Gaudreau and loses puck.
2:33 of 1st period - Slapshot by Curtis Hamilton.
2:33 of 1st period - Deflect By Max Gortz.
2:33 of 1st period - Shot Blocked by Ilya Lyubushkin.
2:33 of 1st period - Puck is out of play.
2:34 of 1st period - Frederick Gaudreau wins face-off versus Sam Bennett in Devils zone.
2:35 of 1st period - Wrist shot by Anthony Beauvillier.
2:35 of 1st period - Shot Blocked by Robbie Russo.
2:43 of 1st period - Jake Bean is hit by Danny Biega and loses puck.
3:40 of 1st period - Slapshot by Gavin Bayreuther.
3:40 of 1st period - Deflect By Cedric Paquette.
3:40 of 1st period - Stopped by Juuse Saros with a rebound.
3:42 of 1st period - Snap shot by Cedric Paquette.
3:42 of 1st period - Stopped by Juuse Saros with a rebound.
4:18 of 1st period - Snap shot by Valeri Nichushkin.
4:18 of 1st period - Shot Misses the Net.
5:03 of 1st period - Cedric Paquette is hit by Sam Bennett.
5:31 of 1st period - Snap shot by Kyle Connor.
5:31 of 1st period - Shot Blocked by Dalton Thrower.
5:35 of 1st period - Slapshot by Anthony Beauvillier.
5:35 of 1st period - Stopped by Juuse Saros with a rebound.
5:37 of 1st period - Slapshot by Andrew O'Brien.
5:37 of 1st period - Deflect By Darren Dietz.
5:37 of 1st period - Stopped by Juuse Saros with a rebound.
6:34 of 1st period - Off-side.
6:35 of 1st period - Frederick Gaudreau wins face-off versus Logan Shaw in neutral zone.
6:40 of 1st period - Slapshot by Kyle Connor.
6:40 of 1st period - Stopped by Juuse Saros with a rebound.
7:01 of 1st period - Snap shot by Kyle Connor.
7:01 of 1st period - Stopped by Juuse Saros without a rebound.
7:02 of 1st period - Alan Quine wins face-off versus Cedric Paquette in Devils zone.
7:50 of 1st period - Slapshot by Gavin Bayreuther.
7:50 of 1st period - Stopped by Juuse Saros with a rebound.
7:54 of 1st period - Snap shot by Denis Malgin.
7:54 of 1st period - Stopped by Juuse Saros with a rebound.
7:56 of 1st period - Wrist shot by Denis Malgin.
7:56 of 1st period - Shot Misses the Net.
8:08 of 1st period - Wrist shot by Brett Seney.
8:08 of 1st period - Stopped by Connor Hellebyuk without a rebound.
8:09 of 1st period - Frederick Gaudreau wins face-off versus Brett Howden in Penguins zone.
8:16 of 1st period - Snap shot by Kyle Connor.
8:16 of 1st period - Shot Misses the Net.
8:19 of 1st period - Icing by Brett Howden.
8:20 of 1st period - Cedric Paquette wins face-off versus Brett Howden in Devils zone.
8:41 of 1st period - Minor Penalty to Christian Wolanin for Hooking.
8:42 of 1st period - Cedric Paquette wins face-off versus Sam Bennett in Devils zone.
8:43 of 1st period - Snap shot by William Nylander.
8:43 of 1st period - Stopped by Juuse Saros without a rebound.
8:44 of 1st period - William Nylander wins face-off versus Sam Bennett in Devils zone.
8:47 of 1st period - Snap shot by Iven Barbashev.
8:47 of 1st period - Deflect By Brandon Carlo.
8:47 of 1st period - Shot Misses the Net.
8:47 of 1st period - Puck is out of play.
8:48 of 1st period - Cedric Paquette wins face-off versus Sam Bennett in Devils zone.
8:49 of 1st period - Wrist shot by William Nylander.
8:49 of 1st period - Deflect By Brandon Carlo.
8:49 of 1st period - Goal by William Nylander - Devils : 0 - Penguins : 1.
8:50 of 1st period - Sam Bennett wins face-off versus Cedric Paquette in neutral zone.
9:08 of 1st period - Minor Penalty to Ben Hutton for Interference.
9:09 of 1st period - Sam Bennett wins face-off versus Cedric Paquette in Devils zone.
9:19 of 1st period - Sven Baertschi is hit by Andrew O'Brien and loses puck.
11:08 of 1st period - Penalty to Ben Hutton is over, Ben Hutton is back on ice.
11:42 of 1st period - Snap shot by Mason Marchment.
11:42 of 1st period - Shot Misses the Net.
11:44 of 1st period - Snap shot by Jonny Brodzinski.
11:44 of 1st period - Stopped by Connor Hellebyuk without a rebound.
11:45 of 1st period - Brett Howden wins face-off versus Adam Brooks in Penguins zone.
11:50 of 1st period - Snap shot by Jonny Brodzinski.
11:50 of 1st period - Shot Misses the Net.
12:10 of 1st period - Christopher Tanev is hit by Valeri Nichushkin.
12:44 of 1st period - Brandon Carlo is hit by Max Gortz.
12:58 of 1st period - Snap shot by Max Gortz.
12:58 of 1st period - Deflect By Curtis Hamilton.
12:58 of 1st period - Shot Misses the Net.
12:58 of 1st period - Puck is out of play.
12:59 of 1st period - Cedric Paquette wins face-off versus Sam Bennett in Devils zone.
13:10 of 1st period - Slapshot by William Nylander.
13:10 of 1st period - Goal by William Nylander - Devils : 0 - Penguins : 2.
13:11 of 1st period - Cedric Paquette wins face-off versus Sam Bennett in neutral zone.
14:27 of 1st period - Slapshot by Joonas Donskoi.
14:27 of 1st period - Stopped by Connor Hellebyuk with a rebound.
14:29 of 1st period - Slapshot by Brandon Carlo.
14:29 of 1st period - Deflect By Joonas Donskoi.
14:29 of 1st period - Goal by Joonas Donskoi - Devils : 1 - Penguins : 2.
14:30 of 1st period - Cedric Paquette wins face-off versus Alan Quine in neutral zone.
14:33 of 1st period - Slapshot by Iven Barbashev.
14:33 of 1st period - Stopped by Juuse Saros without a rebound.
14:34 of 1st period - Alan Quine wins face-off versus Cedric Paquette in Devils zone.
14:34 of 1st period - Alan Quine is hit by Cedric Paquette.
15:02 of 1st period - Wrist shot by Brett Seney.
15:02 of 1st period - Shot Misses the Net.
15:04 of 1st period - Backhand shot by Dalton Thrower.
15:04 of 1st period - Stopped by Connor Hellebyuk without a rebound.
15:05 of 1st period - Sam Bennett wins face-off versus Frederick Gaudreau in Penguins zone.
15:10 of 1st period - Snap shot by Logan Shaw.
15:10 of 1st period - Stopped by Connor Hellebyuk with a rebound.
15:33 of 1st period - Snap shot by Frederick Gaudreau.
15:33 of 1st period - Shot Hit the Post.
15:58 of 1st period - Off-side.
15:59 of 1st period - Adam Brooks wins face-off versus Sam Bennett in neutral zone.
16:18 of 1st period - Sam Bennett is hit by Adam Brooks and loses puck.
16:50 of 1st period - Minor Penalty to Frederick Gaudreau for Hooking.
16:51 of 1st period - Cedric Paquette wins face-off versus Sam Bennett in Penguins zone.
16:59 of 1st period - Cedric Paquette is hit by Brandon Carlo and loses puck.
17:27 of 1st period - Off-side.
17:28 of 1st period - Denis Malgin wins face-off versus Sam Bennett in neutral zone.
18:33 of 1st period - Joonas Donskoi is hit by Christopher Tanev and loses puck.
18:50 of 1st period - Penalty to Frederick Gaudreau is over, Frederick Gaudreau is back on ice.
18:56 of 1st period - Andrew O'Brien is hit by Alan Quine and loses puck.
19:17 of 1st period - Wrist shot by Conor Garland.
19:17 of 1st period - Stopped by Connor Hellebyuk with a rebound.
19:49 of 1st period - Snap shot by Logan Shaw.
19:49 of 1st period - Shot Misses the Net.
19:51 of 1st period - Snap shot by Logan Shaw.
19:51 of 1st period - Shot Misses the Net.
Goals for this period are 1 for Devils vs 2 for Penguins.
Shots for this period are 10 for Devils vs 12 for Penguins.
2nd period
0:01 of 2nd period - Cedric Paquette wins face-off versus Sam Bennett in neutral zone.
0:12 of 2nd period - Christopher Tanev is hit by Sam Bennett and loses puck.
0:38 of 2nd period - Snap shot by William Nylander.
0:38 of 2nd period - Shot Misses the Net.
0:58 of 2nd period - Wrist shot by Joonas Donskoi.
0:58 of 2nd period - Stopped by Connor Hellebyuk without a rebound.
0:59 of 2nd period - Sam Bennett wins face-off versus Frederick Gaudreau in Penguins zone.
1:06 of 2nd period - Slapshot by Logan Shaw.
1:06 of 2nd period - Shot Misses the Net.
1:27 of 2nd period - Snap shot by Joonas Donskoi.
1:27 of 2nd period - Shot Misses the Net.
1:56 of 2nd period - Off-side.
1:57 of 2nd period - Sam Bennett wins face-off versus Cedric Paquette in neutral zone.
2:10 of 2nd period - Iven Barbashev is hit by Logan Shaw and loses puck.
2:23 of 2nd period - Dakota Mermis is hit by Ben Hutton and loses puck.
2:52 of 2nd period - Snap shot by Jonny Brodzinski.
2:52 of 2nd period - Stopped by Connor Hellebyuk with a rebound.
2:54 of 2nd period - Slapshot by Jake Bean.
2:54 of 2nd period - Shot Blocked by Dakota Mermis.
3:12 of 2nd period - Slapshot by Anthony Beauvillier.
3:12 of 2nd period - Stopped by Juuse Saros without a rebound.
3:13 of 2nd period - Sam Bennett wins face-off versus Frederick Gaudreau in Devils zone.
3:43 of 2nd period - Adam Brooks is hit by Dalton Thrower and loses puck.
4:46 of 2nd period - Snap shot by Alan Quine.
4:46 of 2nd period - Stopped by Connor Hellebyuk with a rebound.
4:48 of 2nd period - Snap shot by Ben Hutton.
4:48 of 2nd period - Shot Blocked by Gavin Bayreuther.
4:52 of 2nd period - Snap shot by Joonas Donskoi.
4:52 of 2nd period - Deflect By Valeri Nichushkin.
4:52 of 2nd period - Stopped by Connor Hellebyuk with a rebound.
4:54 of 2nd period - Snap shot by Alan Quine.
4:54 of 2nd period - Goal by Alan Quine - Devils : 2 - Penguins : 2.
4:55 of 2nd period - Cedric Paquette wins face-off versus Sam Bennett in neutral zone.
4:58 of 2nd period - Backhand shot by William Nylander.
4:58 of 2nd period - Stopped by Juuse Saros with a rebound.
5:52 of 2nd period - Kyle Connor is hit by Ilya Lyubushkin and loses puck.
6:33 of 2nd period - Wrist shot by Joonas Donskoi.
6:33 of 2nd period - Stopped by Connor Hellebyuk with a rebound.
6:35 of 2nd period - Snap shot by Valeri Nichushkin.
6:35 of 2nd period - Stopped by Connor Hellebyuk without a rebound.
6:36 of 2nd period - Sam Bennett wins face-off versus Kyle Connor in Penguins zone.
6:47 of 2nd period - Wrist shot by Logan Shaw.
6:47 of 2nd period - Shot Misses the Net.
6:49 of 2nd period - Slapshot by Sven Baertschi.
6:49 of 2nd period - Stopped by Connor Hellebyuk without a rebound.
6:50 of 2nd period - Cedric Paquette wins face-off versus Logan Shaw in Penguins zone.
7:15 of 2nd period - Ben Hutton is hit by Anthony Beauvillier.
7:21 of 2nd period - Anthony Beauvillier is hit by Conor Garland and loses puck.
7:59 of 2nd period - Wrist shot by Max Gortz.
7:59 of 2nd period - Shot Hit the Post.
8:01 of 2nd period - Wrist shot by Denis Malgin.
8:01 of 2nd period - Goal by Denis Malgin - Devils : 2 - Penguins : 3.
8:02 of 2nd period - Cedric Paquette wins face-off versus Sam Bennett in neutral zone.
8:17 of 2nd period - Slapshot by Logan Shaw.
8:17 of 2nd period - Shot Blocked by Christopher Tanev.
8:23 of 2nd period - Minor Penalty to Iven Barbashev for Holding.
8:24 of 2nd period - Cedric Paquette wins face-off versus Sam Bennett in Penguins zone.
8:50 of 2nd period - Cedric Paquette is hit by Valeri Nichushkin and loses puck.
10:23 of 2nd period - Penalty to Iven Barbashev is over, Iven Barbashev is back on ice.
10:37 of 2nd period - Danny Biega is hit by Conor Garland and loses puck.
10:51 of 2nd period - Off-side.
10:52 of 2nd period - Brett Howden wins face-off versus Adam Brooks in neutral zone.
11:17 of 2nd period - Snap shot by Kyle Connor.
11:17 of 2nd period - Stopped by Juuse Saros with a rebound.
11:19 of 2nd period - Snap shot by Kyle Connor.
11:19 of 2nd period - Shot Misses the Net.
11:25 of 2nd period - Slapshot by Frederick Gaudreau.
11:25 of 2nd period - Stopped by Juuse Saros without a rebound.
11:26 of 2nd period - Cedric Paquette wins face-off versus Sam Bennett in Devils zone.
11:31 of 2nd period - Slapshot by William Nylander.
11:31 of 2nd period - Deflect By Iven Barbashev.
11:31 of 2nd period - Stopped by Juuse Saros without a rebound.
11:32 of 2nd period - Sam Bennett wins face-off versus Cedric Paquette in Devils zone.
12:03 of 2nd period - Slapshot by Anthony Beauvillier.
12:03 of 2nd period - Shot Blocked by Brandon Carlo.
12:24 of 2nd period - Snap shot by Conor Garland.
12:24 of 2nd period - Stopped by Connor Hellebyuk without a rebound.
12:25 of 2nd period - Curtis Hamilton wins face-off versus Conor Garland in Penguins zone.
12:34 of 2nd period - Wrist shot by Max Gortz.
12:34 of 2nd period - Stopped by Juuse Saros without a rebound.
12:35 of 2nd period - Sam Bennett wins face-off versus Cedric Paquette in Devils zone.
14:15 of 2nd period - Snap shot by Alan Quine.
14:15 of 2nd period - Stopped by Connor Hellebyuk without a rebound.
14:16 of 2nd period - Reid Boucher wins face-off versus Cedric Paquette in Penguins zone.
14:20 of 2nd period - Minor Penalty to Iven Barbashev for Hooking.
14:21 of 2nd period - Sam Bennett wins face-off versus Cedric Paquette in Penguins zone.
15:09 of 2nd period - Sven Baertschi is hit by Andrew O'Brien and loses puck.
15:14 of 2nd period - Snap shot by Frederick Gaudreau.
15:14 of 2nd period - Stopped by Juuse Saros with a rebound.
16:20 of 2nd period - Penalty to Iven Barbashev is over, Iven Barbashev is back on ice.
16:47 of 2nd period - Slapshot by Ben Hutton.
16:47 of 2nd period - Shot Blocked by Gavin Bayreuther.
17:03 of 2nd period - Denis Malgin is hit by Ben Hutton and loses puck.
17:44 of 2nd period - Ilya Lyubushkin is hit by William Nylander and loses puck.
17:49 of 2nd period - Snap shot by Cedric Paquette.
17:49 of 2nd period - Shot Misses the Net.
18:36 of 2nd period - Wrist shot by Juuso Ikonen.
18:36 of 2nd period - Stopped by Juuse Saros without a rebound.
18:37 of 2nd period - Denis Malgin wins face-off versus Valeri Nichushkin in Devils zone.
18:44 of 2nd period - Slapshot by Denis Malgin.
18:44 of 2nd period - Shot Blocked by Joonas Donskoi.
19:24 of 2nd period - Cedric Paquette is hit by Conor Garland and loses puck.
19:51 of 2nd period - Snap shot by Joonas Donskoi.
19:51 of 2nd period - Shot Misses the Net.
19:53 of 2nd period - Wrist shot by Valeri Nichushkin.
19:53 of 2nd period - Goal by Valeri Nichushkin - Devils : 3 - Penguins : 3.
19:54 of 2nd period - Sam Bennett wins face-off versus Frederick Gaudreau in neutral zone.
19:57 of 2nd period - Slapshot by Brandon Carlo.
19:57 of 2nd period - Shot Blocked by Frederick Gaudreau.
Goals for this period are 2 for Devils vs 1 for Penguins.
Shots for this period are 11 for Devils vs 9 for Penguins.
3rd period
0:01 of 3rd period - Cedric Paquette wins face-off versus Sam Bennett in neutral zone.
0:08 of 3rd period - Slapshot by Cedric Paquette.
0:08 of 3rd period - Shot Blocked by Ben Hutton.
0:10 of 3rd period - Slapshot by Christopher Tanev.
0:10 of 3rd period - Deflect By Sven Baertschi.
0:10 of 3rd period - Stopped by Juuse Saros with a rebound.
0:12 of 3rd period - Snap shot by Christopher Tanev.
0:12 of 3rd period - Stopped by Juuse Saros with a rebound.
0:26 of 3rd period - Kyle Connor is hit by Alan Quine and loses puck.
0:45 of 3rd period - Snap shot by Ben Hutton.
0:45 of 3rd period - Stopped by Connor Hellebyuk without a rebound.
0:46 of 3rd period - Adam Brooks wins face-off versus Reid Boucher in Penguins zone.
0:55 of 3rd period - Slapshot by Andrew O'Brien.
0:55 of 3rd period - Shot Blocked by Dalton Thrower.
1:18 of 3rd period - Snap shot by Joonas Donskoi.
1:18 of 3rd period - Stopped by Connor Hellebyuk with a rebound.
1:20 of 3rd period - Snap shot by Joonas Donskoi.
1:20 of 3rd period - Stopped by Connor Hellebyuk without a rebound.
1:21 of 3rd period - Cedric Paquette wins face-off versus Sam Bennett in Penguins zone.
1:56 of 3rd period - Snap shot by Alan Quine.
1:56 of 3rd period - Stopped by Connor Hellebyuk with a rebound.
1:58 of 3rd period - Wrist shot by Valeri Nichushkin.
1:58 of 3rd period - Stopped by Connor Hellebyuk with a rebound.
2:08 of 3rd period - Backhand shot by Sam Kurker.
2:08 of 3rd period - Deflect By Juuso Ikonen.
2:08 of 3rd period - Stopped by Juuse Saros with a rebound.
2:10 of 3rd period - Snap shot by Denis Malgin.
2:10 of 3rd period - Stopped by Juuse Saros with a rebound.
2:12 of 3rd period - Snap shot by Dakota Mermis.
2:12 of 3rd period - Shot Misses the Net.
2:14 of 3rd period - Slapshot by Juuso Ikonen.
2:14 of 3rd period - Stopped by Juuse Saros without a rebound.
2:15 of 3rd period - Cedric Paquette wins face-off versus Sven Baertschi in Devils zone.
2:26 of 3rd period - Slapshot by Darren Dietz.
2:26 of 3rd period - Deflect By Logan Shaw.
2:26 of 3rd period - Stopped by Connor Hellebyuk with a rebound.
2:28 of 3rd period - Slapshot by Logan Shaw.
2:28 of 3rd period - Stopped by Connor Hellebyuk with a rebound.
2:30 of 3rd period - Wrist shot by Logan Shaw.
2:30 of 3rd period - Shot Misses the Net.
2:47 of 3rd period - Snap shot by Anthony Beauvillier.
2:47 of 3rd period - Shot Misses the Net.
3:03 of 3rd period - Gavin Bayreuther is hit by Conor Garland and loses puck.
3:08 of 3rd period - Wrist shot by Brett Seney.
3:08 of 3rd period - Shot Blocked by John Marino.
3:32 of 3rd period - Denis Malgin is hit by Logan Shaw and loses puck.
4:38 of 3rd period - Wrist shot by Curtis Hamilton.
4:38 of 3rd period - Stopped by Juuse Saros with a rebound.
4:56 of 3rd period - Wrist shot by Juuso Ikonen.
4:56 of 3rd period - Stopped by Juuse Saros without a rebound.
4:57 of 3rd period - Cedric Paquette wins face-off versus Sam Bennett in Devils zone.
5:10 of 3rd period - Iven Barbashev is hit by Sam Bennett and loses puck.
5:21 of 3rd period - Andrew O'Brien is hit by Sven Baertschi and loses puck.
5:30 of 3rd period - Snap shot by Sam Bennett.
5:30 of 3rd period - Shot Blocked by Christopher Tanev.
5:32 of 3rd period - Snap shot by Sam Bennett.
5:32 of 3rd period - Stopped by Connor Hellebyuk without a rebound.
5:33 of 3rd period - William Nylander wins face-off versus Alan Quine in Penguins zone.
5:39 of 3rd period - Ilya Lyubushkin is hit by Dakota Mermis and loses puck.
5:46 of 3rd period - Snap shot by Cedric Paquette.
5:46 of 3rd period - Goal by Cedric Paquette - Devils : 3 - Penguins : 4.
5:47 of 3rd period - Cedric Paquette wins face-off versus Sam Bennett in neutral zone.
8:18 of 3rd period - Off-side.
8:19 of 3rd period - Cedric Paquette wins face-off versus Brett Howden in neutral zone.
8:24 of 3rd period - Snap shot by Andrew O'Brien.
8:24 of 3rd period - Deflect By Ben Hutton.
8:24 of 3rd period - Stopped by Juuse Saros with a rebound.
9:07 of 3rd period - Icing by Darren Dietz.
9:08 of 3rd period - Sam Bennett wins face-off versus Frederick Gaudreau in Devils zone.
9:22 of 3rd period - Slapshot by Logan Shaw.
9:22 of 3rd period - Shot Blocked by Gavin Bayreuther.
9:24 of 3rd period - Snap shot by Sam Bennett.
9:24 of 3rd period - Stopped by Connor Hellebyuk without a rebound.
9:25 of 3rd period - Alan Quine wins face-off versus Adam Brooks in Penguins zone.
11:16 of 3rd period - Snap shot by Sam Bennett.
11:16 of 3rd period - Stopped by Connor Hellebyuk with a rebound.
11:35 of 3rd period - Wrist shot by Brett Seney.
11:35 of 3rd period - Shot Blocked by Juuso Ikonen.
11:37 of 3rd period - Snap shot by Reid Boucher.
11:37 of 3rd period - Shot Blocked by Denis Malgin.
11:39 of 3rd period - Snap shot by Conor Garland.
11:39 of 3rd period - Shot Misses the Net.
11:45 of 3rd period - Minor Penalty to Sam Kurker for Slashing.
11:46 of 3rd period - Cedric Paquette wins face-off versus Sam Bennett in Penguins zone.
11:57 of 3rd period - Backhand shot by Cedric Paquette.
11:57 of 3rd period - Goal by Cedric Paquette - Devils : 3 - Penguins : 5.
11:58 of 3rd period - Cedric Paquette wins face-off versus Sam Bennett in neutral zone.
12:01 of 3rd period - Slapshot by Danny Biega.
12:01 of 3rd period - Deflect By Cedric Paquette.
12:01 of 3rd period - Shot Misses the Net.
12:01 of 3rd period - Puck is out of play.
12:02 of 3rd period - Cedric Paquette wins face-off versus Sam Bennett in Devils zone.
12:05 of 3rd period - Slapshot by Dakota Mermis.
12:05 of 3rd period - Stopped by Juuse Saros without a rebound.
12:06 of 3rd period - Logan Shaw wins face-off versus Cedric Paquette in Devils zone.
12:21 of 3rd period - Cedric Paquette is hit by Sven Baertschi and loses puck.
12:33 of 3rd period - Wrist shot by Brandon Carlo.
12:33 of 3rd period - Deflect By Sam Bennett.
12:33 of 3rd period - Stopped by Connor Hellebyuk with a rebound.
12:41 of 3rd period - Snap shot by Logan Shaw.
12:41 of 3rd period - Stopped by Connor Hellebyuk with a rebound.
12:43 of 3rd period - Slapshot by Brandon Carlo.
12:43 of 3rd period - Deflect By Sven Baertschi.
12:43 of 3rd period - Shot Misses the Net.
12:43 of 3rd period - Puck is out of play.
12:44 of 3rd period - Cedric Paquette wins face-off versus Alan Quine in Penguins zone.
13:45 of 3rd period - Penalty to Sam Kurker is over, Sam Kurker is back on ice.
13:59 of 3rd period - Christopher Tanev is hit by Conor Garland and loses puck.
15:00 of 3rd period - Darren Dietz is hit by Danny Biega and loses puck.
15:53 of 3rd period - Minor Penalty to Robbie Russo for Hooking.
15:54 of 3rd period - Cedric Paquette wins face-off versus Sam Bennett in Devils zone.
16:29 of 3rd period - Slapshot by Dakota Mermis.
16:29 of 3rd period - Deflect By Frederick Gaudreau.
16:29 of 3rd period - Shot Blocked by Brandon Carlo.
16:29 of 3rd period - Puck is out of play.
16:30 of 3rd period - Anthony Beauvillier wins face-off versus Alan Quine in Devils zone.
17:30 of 3rd period - Slapshot by Anthony Beauvillier.
17:30 of 3rd period - Goal by Anthony Beauvillier - Devils : 3 - Penguins : 6.
17:31 of 3rd period - Sam Bennett wins face-off versus Cedric Paquette in neutral zone.
17:33 of 3rd period - Brandon Carlo is hit by Christopher Tanev and loses puck.
17:52 of 3rd period - Minor Penalty to Ben Hutton for Hooking.
17:53 of 3rd period - Sam Bennett wins face-off versus Cedric Paquette in Devils zone.
18:14 of 3rd period - Sam Bennett is hit by Iven Barbashev and loses puck.
19:16 of 3rd period - Valeri Nichushkin is hit by Andrew O'Brien and loses puck.
19:52 of 3rd period - Penalty to Ben Hutton is over, Ben Hutton is back on ice.
19:57 of 3rd period - Brett Seney is hit by Sam Kurker and loses puck.
Goals for this period are 0 for Devils vs 3 for Penguins.
Shots for this period are 12 for Devils vs 12 for Penguins.